 Dungeon Crawl Stone Soup version 0.29-a0-477-g62b78b4225 (webtiles) character file.

Game seed: 9574478256262633294

8254 Sobieck the Fighter (level 11, -1/64 HPs)
             Began as a Vine Stalker Fighter on May 24, 2022.
             Was a High Priest of Ru.
             Slain by a seven-headed hydra (2 damage)
             ... on level 11 of the Dungeon.
             The game lasted 00:22:39 (9116 turns).

Sobieck the Fighter (Vine Stalker Fighter)          Turns: 9116, Time: 00:22:39

Health: -1/64      AC: 16    Str: 19    XL:     11   Next: 28%
Magic:  0/12       EV:  9    Int:  8    God:    Ru [*****.]
Gold:   332        SH:  0    Dex: 18    Spells: 10/10 levels left

rFire   + . .      SeeInvis .   a - +2 short sword (elec) {short}
rCold   + . .      Faith    .   (shield unavailable)
rNeg    . . .      Spirit   +   I - +3 scale mail of Winter {-Cast rF+ rC+}
rPois   .          Reflect  .   s - +2 hat
rElec   .          Harm     .   (no cloak)
rCorr   .          Rampage  .   e - +0 pair of gloves
Will    +....      NoCast   +   w - +1 pair of boots {Fly}
Stlth   ..........              (no amulet)
HPRegen 1.00/turn               (ring unavailable)
MPRegen 0.13/turn               k - +4 ring of slaying

@: flying
A: fangs 3, regeneration 1, magic shield, antimagic bite, no potion heal 2,
missing a hand, inability to use devices
a: Renounce Religion, Draw Out Power, Power Leap, Apocalypse


You were on level 11 of the Dungeon.
You worshipped Ru.
Ru was extremely pleased with you.
You visited 1 branch of the dungeon, and saw 11 of its levels.

You collected 624 gold pieces.
You spent 292 gold pieces at shops.


Innate Abilities, Weirdness & Mutations

You have razor-sharp teeth.
Your natural rate of healing is unusually fast.
When hurt, damage is shared between your health and your magic reserves.
Your bite disrupts and absorbs the magic of your enemies.
Potions cannot restore your health.
You are missing a hand.
You cannot study or use magical devices.


   Skills:
 + Level 10.6 Fighting
 - Level 10.0 Short Blades
 - Level 7.0 Armour


You had 10 spell levels left.
You didn't know any spells.
Your spell library contained the following spells:

 Spells                   Type           Power      Damage    Failure   Level
 Freeze                   Ice            0%         1d3       75%         1
 Frozen Ramparts          Ice            0%         1d2       98%         3
 Gell's Gravitas          Tloc           0%         N/A       98%         3
 Inner Flame              Hex/Fire       0%         N/A       98%         3
 Lesser Beckoning         Tloc           0%         N/A       98%         3
 Teleport Other           Tloc           0%         N/A       98%         3
 Anguish                  Hex/Necr       0%         N/A       100%        4
 Cause Fear               Hex            0%         N/A       100%        4
 Hailstorm                Conj/Ice       0%         3d3       100%        4
 Enfeeble                 Hex            0%         N/A       100%        7
 Malign Gateway           Summ/Tloc      0%         N/A       100%        7
 Discord                  Hex            0%         N/A       100%        8
 Summon Horrible Things   Summ           0%         N/A       100%        8

Inventory:

Hand Weapons
 a - a +2 short sword of electrocution (weapon) {short}
   (You took it off an orc priest on level 6 of the Dungeon)
 b - a +1 hunting sling of flaming {sling}
   (You found it on level 1 of the Dungeon)
 g - a +5 trident {polearm}
   (You took it off a wight on level 6 of the Dungeon)
 j - a +2 trident of pain {polearm}
   (You took it off an orc on level 3 of the Dungeon)
 O - a +1 spear of venom {polearm}
   (You took it off a gnoll on level 4 of the Dungeon)
 U - a +0 hand crossbow of flaming {crossbow}
   (You took it off a kobold on level 6 of the Dungeon)
 V - a +1 trident of flaming {polearm}
   (You took it off a gnoll sergeant on level 7 of the Dungeon)
 W - a +3 mace {mace}
   (You took it off a wight on level 6 of the Dungeon)
Missiles
 f - 285 stones {throwing}
 q - 22 poisoned darts {throwing}
 t - a curare-tipped dart {=fthrowing}
 D - 5 atropa-tipped darts {throwing}
 G - 2 boomerangs {throwing}
Armour
 e - a +0 pair of gloves (worn)
   (You bought it in a shop on level 6 of the Dungeon)
 s - a +2 hat (worn)
   (You found it on level 9 of the Dungeon)
 w - a +1 pair of boots of flying (worn)
   (You acquired it on level 4 of the Dungeon)
 E - a +0 robe
   (You took it off Blork the orc on level 4 of the Dungeon)
 H - a +0 chain mail
   (You took it off an orc on level 4 of the Dungeon)
 I - the +3 scale mail of Winter (worn) {-Cast rF+ rC+}
   (You bought it in a shop on level 5 of the Dungeon)

   rF:        It protects you from fire.
   rC:        It protects you from cold.
   -Cast:     It prevents spellcasting.
 M - a +0 ring mail
   (You found it on level 5 of the Dungeon)
 P - a +0 leather armour
   (You found it on level 6 of the Dungeon)
 Q - a +0 chain mail
   (You took it off an orc on level 6 of the Dungeon)
 R - a +0 scale mail
   (You took it off an orc on level 5 of the Dungeon)
 X - a +0 robe
   (You took it off a wight on level 6 of the Dungeon)
 Z - a +0 robe
   (You took it off a wight on level 6 of the Dungeon)
Magical Staves
 h - a staff of poison {!astaff}
   (You found it on level 1 of the Dungeon)
Jewellery
 i - a ring of flight
   (You found it on level 1 of the Dungeon)
 k - a +4 ring of slaying (right hand)
   (You found it on level 1 of the Dungeon)
 C - a +4 ring of evasion
   (You found it on level 3 of the Dungeon)
 N - a ring of ice
   (You found it on level 5 of the Dungeon)
 S - a +4 ring of evasion
   (You found it on level 5 of the Dungeon)
 T - a +4 ring of evasion
   (You found it on level 5 of the Dungeon)
Scrolls
 c - a scroll of immolation {!r!r}
 m - 3 scrolls of blinking {!r}
 n - a scroll of identify {@r1}
 p - a scroll of enchant armour
 v - 2 scrolls of teleportation {@r4}
 F - a scroll of enchant weapon
 Y - 2 scrolls of fog
Potions
 d - 3 potions of might
 l - 5 potions of brilliance
 o - 2 potions of magic
 r - 2 potions of haste {unknown}
 u - 6 potions of curing {unknown}
 x - a potion of resistance {unknown}
 y - a potion of invisibility {unknown}
 z - 2 potions of cancellation {unknown}
 A - a potion of attraction {unknown}
 B - a potion of degeneration {unknown}
 J - a potion of mutation {unknown}
 K - 2 potions of ambrosia {unknown}
 L - 2 potions of lignification {unknown}

Dungeon Overview and Level Annotations

Branches:
Dungeon (11/15)            Temple (0/1) D:7            Lair (0/6) D:9
    Orc (0/2) D:10

Altars:
Hepliaklqana
Ru

Shops:
D:5 [ D:6

[ #........
#..[....# #.......#
#.......# #.......#
........#
........########...
......D@.<.........
.......<...........
.#########.........
#....##### #....#
#....# #....#
##...+


You could see a seven-headed hydra (blind).


Message History

The yak gores you.
You focus your inner power and blind the yak in retribution!
You barely miss the yak. You bite the yak.
You kill the yak!
You hit the yak. Lightning courses through the yak! Your bite misses the yak.
The yak gores you!
You hit the yak. Lightning courses through the yak! You bite the yak!
You drain its power.
You feel invigorated.
You hit the yak.
You kill the yak!
Your +2 short sword of electrocution {short} stops crackling.
Your +1 hunting sling of flaming {sling} bursts into flame!
b - a +1 hunting sling of flaming (weapon)
{sling}
Things that are here:
a yak corpse; a yak corpse Unknown command.
You see here a yak corpse.
Y - 2 scrolls of fog (gained 1)
Found a stone staircase leading down.
Unknown command.
There is a stone staircase leading down here.
You see here a yak corpse.
Things that are here:
a yak corpse; a yak corpse As you open the door, it creaks loudly!
Unknown command.
There is an open door here.
As you open the door, it creaks loudly!
Unknown command.
There is an open door here.
Found a stone staircase leading up.
Unknown command.
Things that are here:
a yak corpse; a yak corpse You see here a yak corpse.
You reach down and open the door.
There is an open door here.
There is an open door here.
There is an open door here.
There is an open door here.
There is an open door here.
Found a stone staircase leading down.
Unknown command.
Done exploring.
Done exploring.
There is a stone staircase leading down here.
You fly downwards.
Found 7 gold pieces.
Found a stone staircase leading up.
There is a stone staircase leading up here.
Unknown command.
You now have 332 gold pieces (gained 7).
There is a stone staircase leading up here.
A seven-headed hydra comes into view.
The seven-headed hydra roars!
Danger!
You shoot a sling bullet.
The sling bullet hits the seven-headed hydra.
The sling bullet burns the seven-headed hydra.
You shoot a sling bullet.
The sling bullet hits the seven-headed hydra!
The sling bullet burns the seven-headed hydra.
You shoot a sling bullet.
The sling bullet hits the seven-headed hydra.
The sling bullet burns the seven-headed hydra.
Your +1 hunting sling of flaming {sling} stops flaming.
You hear the crackle of electricity.
a - a +2 short sword of electrocution (weapon)
{short} The seven-headed hydra bites you!
The seven-headed hydra bites you. The seven-headed hydra bites you! x2
The seven-headed hydra bites you but does no damage. x3
You are too injured to fight recklessly!
Unknown command.
You hit the seven-headed hydra.
Unknown command.
You puncture the seven-headed hydra!
The seven-headed hydra barely misses you.
The seven-headed hydra bites you!
* * * LOW HITPOINT WARNING * * *
The seven-headed hydra bites you.
* * * LOW HITPOINT WARNING * * *
The seven-headed hydra bites you.
* * * LOW HITPOINT WARNING * * *
The seven-headed hydra bites you.
* * * LOW HITPOINT WARNING * * *
The seven-headed hydra bites you.
* * * LOW HITPOINT WARNING * * *
The seven-headed hydra bites you!
* * * LOW HITPOINT WARNING * * *
Unknown command.
Magic courses through your body. The seven-headed hydra bites you.
* * * LOW HITPOINT WARNING * * *
The seven-headed hydra bites you!
* * * LOW HITPOINT WARNING * * *
The seven-headed hydra bites you but does no damage. x2
The seven-headed hydra closely misses you.
The seven-headed hydra bites you.
* * * LOW HITPOINT WARNING * * *
You focus your inner power and blind the seven-headed hydra in retribution!
The seven-headed hydra bites you.
You die...

Skill      XL: |  1  2  3  4  5  6  7  8  9 10 11 |
---------------+----------------------------------+-----
Short Blades   | 2 3 4 6 7 9 10 | 10.0
Fighting       | 3 4 5 6 7 8 9 10 | 10.6
Armour         | 4 6 7 |  7.0
Shields        | 0 |  0.0

Action                   |  1- 3 |  4- 6 |  7- 9 | 10-12 || total
-------------------------+-------+-------+-------+-------++-------
Melee: Rapier            |    56 |    84 |    59 |       ||   199
       Bite              |    10 |    22 |    59 |    67 ||   158
       Short sword       |       |       |   123 |   171 ||   294
 Fire: Hunting sling     |    51 |    88 |    78 |    49 ||   266
Invok: Sacrifice a Hand  |       |       |     1 |       ||     1
       Sacrifice Artific |       |       |       |     1 ||     1
  Use: Scroll            |       |     6 |     8 |     2 ||    16
       Potion            |       |       |       |     1 ||     1
Armor: Scale mail        |    43 |     3 |    61 |    65 ||   172
       Leather armour    |       |    20 |       |       ||    20
Dodge: Dodged            |    50 |    64 |    91 |    45 ||   250
Block: Buckler           |    23 |    22 |    25 |       ||    70

Levels and vault maps discovered:
D:1:      dpeg_arrival_houses_and_road, layout_basic
D:2:      layout_basic, basic_ecumenical_altar, kennysheep_nub,
          minmay_hexomino_c4
D:3:      layout_basic
D:4:      cheibrodos_barr_body, layout_cave_pools, hangedman_decor_lopped,
          uniq_blork_the_orc
D:5:      layout_basic, nicolae_ru_sacrificial_ziggurat, serial_shops,
          nicolae_shop_competitors_out_of_business
D:6:      layout_cave_pods, serial_shops, shop, grunt_ministairs_10
D:7:      dreamdust_elfheim, layout_loops_ring,
          minmay_temple_entry_proselytizer, enter_bailey_6
D:8:      layout_cave_pods, overflow_temple_1_default
D:9:      layout_stronghold, erik_lair_orcish_takeover
D:10:     layout_basic, orc_0_dummy
D:11:     minmay_glassy_protrusions, layout_irregular_city,
          kennysheep_generic_room_12

Notes
Turn   | Place    | Note
-------+----------+-------------------------------------------
     0 | D:1      | Sobieck the Vine Stalker Fighter began the quest for the
                  | Orb.
     0 | D:1      | Reached XP level 1. HP: 11/11 MP: 2/2
    66 | D:1      | Reached skill level 2 in Short Blades
   270 | D:1      | Reached skill level 3 in Fighting
   270 | D:1      | Reached XP level 2. HP: 16/16 MP: 3/3
   635 | D:1      | Reached XP level 3. HP: 20/20 MP: 4/4
  1285 | D:2      | You pick up a book of Hexes and begin reading...
  1285 | D:2      | You add the spells Inner Flame, Cause Fear and Discord to
                  | your library.
  1365 | D:2      | Gained mutation: Your natural rate of healing is unusually
                  | fast. [Vine Stalker growth]
  1365 | D:2      | Reached XP level 4. HP: 25/25 MP: 5/5
  1373 | D:2      | Reached skill level 3 in Short Blades
  1487 | D:2      | Found a faded altar of an unknown god.
  2537 | D:3      | You add the spells Malign Gateway and Summon Horrible
                  | Things to your library.
  2894 | D:4      | Noticed Blork the orc
  2986 | D:4      | Reached skill level 4 in Fighting
  2986 | D:4      | Reached XP level 5. HP: 29/29 MP: 6/6
  2995 | D:5      | Entered Level 5 of the Dungeon
  2995 | D:5      | Found Jang's Antique Armour Boutique.
  3098 | D:4      | Reached skill level 4 in Short Blades
  3124 | D:4      | Killed Blork the orc
  3125 | D:4      | Reached XP level 6. HP: 31/34 MP: 5/7
  3294 | D:5      | Bought a dazzling scale mail for 234 gold pieces
  3294 | D:5      | Identified the +3 scale mail of Winter {-Cast rF+ rC+} (You
                  | bought it in a shop on level 5 of the Dungeon)
  3452 | D:4      | Reached skill level 5 in Fighting
  3644 | D:4      | Identified a scroll of acquirement
  3644 | D:4      | Acquired a +0 pair of boots of flying
  3856 | D:4      | Reached XP level 7. HP: 37/39 MP: 8/8
  3985 | D:5      | Reached skill level 5 in Short Blades
  4139 | D:5      | Found a sacrificial altar of Ru.
  4377 | D:5      | Became a worshipper of Ru the Awakened
  4671 | D:6      | Reached skill level 6 in Fighting
  4725 | D:6      | Reached skill level 6 in Short Blades
  4725 | D:6      | Gained mutation: You have razor-sharp teeth. [Vine Stalker
                  | growth]
  4725 | D:6      | Reached XP level 8. HP: 44/44 MP: 9/9
  4763 | D:6      | Reached skill level 3 in Armour
  4864 | D:6      | Found Ywomnes's Armour Shoppe.
  4956 | D:6      | Bought a +0 pair of gloves for 58 gold pieces
  5107 | D:6      | You pick up a book of Displacement and begin reading...
  5107 | D:6      | You add the spells Lesser Beckoning, Gell's Gravitas and
                  | Teleport Other to your library.
  5301 | D:6      | Reached skill level 7 in Fighting
  5301 | D:6      | Reached skill level 4 in Armour
  5340 | D:6      | Reached skill level 7 in Short Blades
  5340 | D:6      | Reached XP level 9. HP: 50/50 MP: 10/10
  5939 | D:7      | Found a staircase to the Ecumenical Temple.
  6262 | D:7      | Reached skill level 8 in Fighting
  6267 | D:7      | Reached skill level 8 in Short Blades
  6308 | D:7      | Gained mutation: You are missing a hand. [Ru sacrifice]
  6308 | D:7      | Reduced skill Shields to level 0
  6308 | D:7      | Reached * piety under Ru
  6308 | D:7      | Reached ** piety under Ru
  6308 | D:7      | Reached *** piety under Ru
  6637 | D:8      | You pick up a book of Frost and begin reading...
  6637 | D:8      | You add the spells Freeze, Frozen Ramparts and Hailstorm to
                  | your library.
  6644 | D:8      | Reached skill level 9 in Short Blades
  6738 | D:8      | Identified the +1 leather armour of Ennui {Str+4 Int+4}
  7001 | D:8      | Found a hazy altar of Hepliaklqana.
  7008 | D:8      | You pick up a book of Maledictions and begin reading...
  7008 | D:8      | You add the spells Anguish and Enfeeble to your library.
  7326 | D:9      | Reached XP level 10. HP: 56/56 MP: 11/11
  7386 | D:9      | Reached skill level 10 in Short Blades
  7565 | D:9      | Found a staircase to the Lair.
  7849 | D:9      | Reached skill level 5 in Armour
  8064 | D:9      | Noticed a two-headed ogre
  8071 | D:9      | Killed a two-headed ogre
  8072 | D:9      | Reached skill level 9 in Fighting
  8090 | D:9      | Reached skill level 6 in Armour
  8153 | D:9      | Gained mutation: You cannot study or use magical devices.
                  | [Ru sacrifice]
  8153 | D:9      | Reached **** piety under Ru
  8153 | D:9      | Reached ***** piety under Ru
  8401 | D:10     | Entered Level 10 of the Dungeon
  8578 | D:10     | Reached XP level 11. HP: 62/63 MP: 12/12
  8605 | D:10     | Reached skill level 10 in Fighting
  8649 | D:10     | Found a staircase to the Orcish Mines.
  8721 | D:10     | Reached skill level 7 in Armour
  9109 | D:11     | Noticed a seven-headed hydra
  9115 | D:11     | HP: 12/64 [seven-headed hydra (5)]
  9115 | D:11     | HP: 4/64 [seven-headed hydra (8)]
  9116 | D:11     | HP: 1/64 [seven-headed hydra (1)]
  9116 | D:11     | Slain by a seven-headed hydra

Vanquished Creatures
  A two-headed ogre (D:9)
  A wyvern (D:9)
  18 yaks
  A steam dragon (D:6)
  3 wargs (D:9)
  An acid dragon (D:9)
  2 water moccasins
  3 black bears
  2 ice beasts
  A sky beast (D:8)
  4 ogres
  A centaur (D:9)
  A phantom (D:5)
  2 kobold brigands
  6 bullfrogs
  A gnoll sergeant (D:7)
  4 necrophages
  Blork the orc (D:4)
  2 scorpions (D:6)
  13 wights
  9 killer bees
  6 howler monkeys
  2 hounds
  6 iguanas
  7 orc priests
  6 orc wizards
  10 gnolls
  5 adders
  A shadow imp (D:7)
  2 white imps (D:6)
  2 ufetubi
  A worm (D:2)
  3 dart slugs
  21 orcs
  5 bats
  7 endoplasms
  7 giant cockroaches
  8 goblins
  10 hobgoblins
  4 jackals (D:1)
  10 quokkas
  14 ball pythons
  A frilled lizard (D:1)
  16 kobolds
  5 rats
236 creatures vanquished.

Vanquished Creatures (others)
  A wight (D:10)
  A plant (D:9)
2 creatures vanquished.

Grand Total: 238 creatures vanquished

Table legend:
 A = Non-vault XP
 B = Vault XP
 C = Vault XP percentage of total XP
 D = Non-vault monster count
 E = Vault monster count
 F = Vault count percentage of total count
                 A         B        C        D         E       F
            +---------+---------+-------+---------+---------+-------
      Total |   10768 |    1024 |   8.7 |     207 |      30 |  12.7
            +---------+---------+-------+---------+---------+-------
        D:1 |      55 |       0 |   0.0 |      32 |       0 |   0.0
        D:2 |      61 |       9 |  12.9 |      19 |       5 |  20.8
        D:3 |      18 |       0 |   0.0 |      11 |       0 |   0.0
        D:4 |     207 |     153 |  42.5 |      17 |      14 |  45.2
        D:5 |     515 |       0 |   0.0 |      16 |       0 |   0.0
        D:6 |    1277 |     209 |  14.1 |      25 |       2 |   7.4
        D:7 |    1283 |      41 |   3.1 |      27 |       1 |   3.6
        D:8 |     763 |       0 |   0.0 |      10 |       0 |   0.0
        D:9 |    3634 |     612 |  14.4 |      25 |       8 |  24.2
       D:10 |    2955 |       0 |   0.0 |      25 |       0 |   0.0
            +---------+---------+-------+---------+---------+-------

Illustrated notes

Table legend:
 A = Kills in this place as a percentage of kills in entire the game.
 B = Kills by you in this place as a percentage of kills by you in the entire game.
 C = Kills by friends in this place as a percentage of kills by friends in the entire game.
 D = Other kills in this place as a percentage of other kills in the entire game.
 E = Experience gained in this place as a percentage of experience gained in the entire game.
 F = Experience gained in this place divided by the number of levels of this place that you have seen.
                   A       B       C       D       E      F
               +-------+-------+-------+-------+-------+----------------------
         Total | 100.0 | 100.0 |   N/A | 100.0 | 100.0 | 1072.0
       Dungeon | 100.0 | 100.0 |   N/A | 100.0 | 100.0 | 1072.0
               +-------+-------+-------+-------+-------+----------------------

Table legend: (Time is in decaauts)
 A = Elapsed time spent in this place.
 B = Non-inter-level travel time spent in this place.
 C = Inter-level travel time spent in this place.
 D = Time resting spent in this place.
 E = Time spent auto-exploring this place.
 F = Levels seen in this place.
 G = Mean time per level.
                   A        B        C        D        E       F      G
               +--------+--------+--------+--------+--------+-----+--------+
         Total |   9119 |   8546 |    573 |    201 |   6655 |  11 |  829.0 |
       Dungeon |   9119 |   8546 |    573 |    201 |   6655 |  11 |  829.0 |
               +--------+--------+--------+--------+--------+-----+--------+

Top non-repeatable levels by time:
     D:1: 1191 daAuts
     D:9: 1046 daAuts
     D:6: 1038 daAuts
     D:5: 984 daAuts
     D:3: 944 daAuts
     D:7: 897 daAuts
     D:2: 865 daAuts
     D:4: 745 daAuts
     D:8: 718 daAuts
    D:10: 672 daAuts
    D:11: 14 daAuts
